 Dungeon Crawl Stone Soup version 0.20.1-1-g8b1a95d (webtiles) character file.

2009 equalderp2856 the Cleaver (level 9, 0/78 HPs)
             Began as a Minotaur Fighter on Sept 28, 2017.
             Succumbed to a killer bee's poison
             ... on level 7 of the Dungeon.
             The game lasted 00:11:44 (6208 turns).

equalderp2856 the Cleaver (Minotaur Fighter)        Turns: 6208, Time: 00:11:45

Health: 0/78       AC: 15    Str: 20 (22) XL:     9   Next: 2%
Magic:  9/9        EV:  5    Int:  6      God:
Gold:   352        SH: 10    Dex:  9 (11) Spells: 8/8 levels left

rFire    + . .     SeeInvis .   E - +2 war axe
rCold    + . .     Gourm    .   c - +0 shield
rNeg     + . .     Faith    .   o - +0 plate armour
rPois    +         Spirit   .   (helmet restricted)
rElec    +         Reflect  .   m - +1 cloak
rCorr    +         Harm     .   (no gloves)
MR       .....                  (no boots)
Stlth    ..........             (no amulet)
Regen    0.3/turn               e - ring of resist corrosion
MPRegen  0.2/turn               l - ring of positive energy

@: lethally poisoned (0 -> -6), resistant, starving, drained
A: retaliatory headbutt, horns 2
a: no special abilities


You were on level 7 of the Dungeon.
You were starving.

You visited 1 branch of the dungeon, and saw 7 of its levels.

You collected 352 gold pieces.

Inventory:

Hand Weapons
 a - a +0 war axe
 E - a +2 war axe (weapon)
 F - a +0 trident
Armour
 b - a +0 scale mail
 c - a +0 shield (worn)
 m - a +1 cloak (worn)
 o - a +0 plate armour (worn)
 A - a +0 cloak
 G - a +1 ring mail of cold resistance
Jewellery
 e - a ring of resist corrosion (left hand)
 l - a ring of positive energy (right hand)
 D - an uncursed ring of ice
Wands
 w - a wand of confusion (17/48)
 C - a wand of paralysis (0/24)
Scrolls
 g - a scroll of fear
 j - 3 scrolls of immolation
 k - 5 scrolls of remove curse
 n - 2 scrolls of blinking
 s - 2 scrolls of enchant armour
 v - a scroll of random uselessness
 x - 3 scrolls of amnesia
 y - a scroll of teleportation
 H - 3 scrolls of magic mapping
Potions
 d - 2 potions of might
 h - 2 potions of degeneration
 p - 2 potions of agility
Comestibles
 f - 3 bread rations
 i - 2 royal jellies
 t - 3 fruits
 u - a meat ration


   Skills:
 + Level 6.4(6.3) Fighting
 + Level 8.5(8.4) Axes
 + Level 6.9 Armour
 + Level 2.9 Dodging
 + Level 2.1 Stealth
 + Level 7.3(7.2) Shields
 + Level 1.3(1.2) Evocations


You had 8 spell levels left.
You didn't know any spells.

Dungeon Overview and Level Annotations

Branches:
Dungeon (7/15)
 Temple: D:4-7

Altars:
Kikubaaqudgha
Okawaru
Vehumet
Yredelemnul

Shops:
D:6 *(%

Annotations:
D:4 Blork the orc
D:5 exclusion: statue


Innate Abilities, Weirdness & Mutations

You reflexively headbutt those who attack you in melee.
You have a pair of horns on your head.


Message History

You feel sick.
Okay, then.
* * * LOW HITPOINT WARNING * * *
You feel sick.
There is an escape hatch in the floor here.
* * * LOW HITPOINT WARNING * * *
You feel sick.
You slide downwards.
The hatch slams shut behind you.
* * * LOW HITPOINT WARNING * * *
You feel sick.
Okay, then.
As you read the scroll labeled QONAR KUYKH, it crumbles to dust.
You speak a Word of immense power!
It was a scroll of holy word.
* * * LOW HITPOINT WARNING * * *
You feel sick.
Unknown command.
As you read the scroll labeled EGOPOH YSHRAOLI, it crumbles to dust.
It is a scroll of enchant weapon.
Your +1 war axe glows red for a moment.
You die...

###+#####
#.......#
#.......#
#.......#
#..@....#
#.......#
#.......#
#........#
#..........
#...........
#+######....
#...


There were no monsters in sight!

Vanquished Creatures
  Prince Ribbit (D:6)
  Edmund (D:4)
  A phantom (D:6)
  2 ogres
  A necrophage (D:6)
  2 centaurs (D:6)
  A water moccasin zombie (D:5)
  A scorpion (D:5)
  5 wights (D:6)
  A killer bee (D:6)
  A howler monkey (D:4)
  A crimson imp (D:6)
  2 centaur skeletons (D:6)
  2 orc wizards
  A bullfrog skeleton (D:4)
  2 iguanas
  Natasha (thrice) (D:2)
  11 worker ants
  Robin (D:2)
  3 gnolls (D:3)
  5 adders
  2 shadow imps (D:5)
  An adder skeleton (D:5)
  A worm (D:3)
  A dart slug (D:1)
  5 leopard geckos
  17 orcs
  8 bats
  8 giant cockroaches
  17 goblins
  9 hobgoblins
  14 jackals
  A quokka (D:5)
  A ball python (D:1)
  2 frilled lizards
  7 kobolds
  A quokka skeleton (D:6)
  5 rats
148 creatures vanquished.

Notes
Turn   | Place    | Note
-------+----------+-------------------------------------------
     0 | D:1      | equalderp2856 the Minotaur Fighter began the quest for the Orb.
     0 | D:1      | Reached XP level 1. HP: 19/19 MP: 0/0
   106 | D:1      | Reached XP level 2. HP: 27/27 MP: 1/1
   447 | D:1      | Reached XP level 3. HP: 33/33 MP: 2/2
   691 | D:2      | Noticed Natasha
   703 | D:2      | Killed Natasha
   703 | D:2      | Reached skill level 3 in Axes
   716 | D:2      | Noticed Robin
   735 | D:1      | Reached XP level 4. HP: 13/40 MP: 3/3
   969 | D:2      | Noticed Natasha
   977 | D:2      | Killed Natasha
  1027 | D:2      | Noticed Natasha
  1044 | D:2      | Killed Natasha
  1044 | D:2      | Reached skill level 1 in Dodging
  1382 | D:2      | Reached skill level 4 in Axes
  1383 | D:2      | Killed Robin
  1383 | D:2      | Reached XP level 5. HP: 46/46 MP: 4/4
  1835 | D:3      | Found an iron altar of Okawaru.
  1891 | D:3      | Found a basalt altar of Yredelemnul.
  2067 | D:3      | Reached skill level 5 in Shields
  2120 | D:4      | Reached skill level 5 in Axes
  2120 | D:4      | Reached XP level 6. HP: 46/53 MP: 5/5
  2130 | D:4      | Noticed Blork the orc
  2421 | D:4      | Noticed Edmund
  2439 | D:4      | Killed Edmund
  2439 | D:4      | Reached skill level 5 in Fighting
  2439 | D:4      | Reached skill level 6 in Axes
  2626 | D:4      | Reached skill level 5 in Armour
  2626 | D:4      | Reached XP level 7. HP: 59/61 MP: 6/6
  3152 | D:5      | Entered Level 5 of the Dungeon
  3370 | D:5      | Found a radiant altar of Vehumet.
  3494 | D:5      | Found an ancient bone altar of Kikubaaqudgha.
  3552 | D:5      | Reached skill level 1 in Stealth
  4110 | D:6      | Reached skill level 7 in Axes
  4207 | D:6      | Reached XP level 8. HP: 50/70 MP: 7/7
  4917 | D:6      | Noticed Prince Ribbit
  4930 | D:6      | Killed Prince Ribbit
  4930 | D:6      | Reached skill level 8 in Axes
  4986 | D:6      | Reached skill level 1 in Evocations
  5038 | D:6      | HP: 3/70 [poisoned by a worker ant]
  5538 | D:6      | Found Wupot's Food Boutique.
  5578 | D:6      | Found Duoluze's Antique Weapon Emporium.
  5581 | D:6      | Found Dixoept's General Store.
  5934 | D:6      | Reached XP level 9. HP: 78/78 MP: 9/9
  6205 | D:6      | HP: 3/78 [poisoned by a killer bee]
  6207 | D:7      | HP: 1/78 [poisoned by a killer bee]
  6208 | D:7      | Succumbed to a killer bee's poison

Skill      XL: |  1  2  3  4  5  6  7  8 |
---------------+-------------------------+-----
Fighting       | 4 5 6 |  6.4
Shields        | 4 5 6 7 |  7.3
Armour         | 4 5 6 |  6.9
Axes           | 3 4 5 6 7 8 |  8.5
Dodging        | 1 2 |  2.9
Stealth        | 1 2 |  2.1
Evocations     | 1 |  1.3

Action                   |  1- 3 |  4- 6 |  7- 9 || total
-------------------------+-------+-------+-------++-------
Melee: War axe           |    87 |   157 |   185 ||   429
       Headbutt          |    17 |    21 |    31 ||    69
Evoke: Wand              |       |     1 |     9 ||    10
  Use: Potion            |     2 |       |     7 ||     9
       Scroll            |       |       |    11 ||    11
 Stab: Paralysed         |       |       |     7 ||     7
  Eat: Chunk             |       |     5 |    10 ||    15
Armor: Scale mail        |    42 |    52 |    36 ||   130
       Ring mail         |       |       |    27 ||    27
       Plate armour      |       |       |    17 ||    17
Dodge: Dodged            |    27 |    41 |    73 ||   141
Block: Shield            |    56 |    68 |   132 ||   256
